 Dungeon Crawl Stone Soup version 0.27.0-65-ge2af304b15 (console) character file.

Game seed: 15469823381271905726

536021 Banquo the Eclecticist (level 27, -15/195 (201) HPs)
             Began as a Djinni Warper on Aug 13, 2021.
             Was a High Priest of Ashenzari.
             Killed by miscasting Death's Door (18 damage)
             ... on level 1 of the Realm of Zot on Aug 17, 2021.
             The game lasted 09:52:50 (88739 turns).

Banquo the Eclecticist (Djinni Warper)             Turns: 88739, Time: 09:52:54

HP:   -15/195 (201) AC: 23    Str: 10      XL:     27
Gold: 4980          EV: 12    Int: 22 (27) God:    Ashenzari [*****.] SH:  9 Dex: 17

rFire    + + +     SeeInvis +   a - +3 rapier (elec)
rCold    + + .     Faith    .   i - +0 buckler of the Oracular Moon {rC+ rF+, Cun, Self} (curse)
rNeg     . . .     Spirit   .   d - +0 chain mail of the Untouchables {rElec rC++ MP+9}
rPois    ∞         Reflect  .   h - +2 helmet "Share My Seer" {Int+3, Self, Melee} (curse)
rElec    +         Harm     .   e - +1 cloak "Mantic Boredom" {Melee, Fort} (curse)
rCorr    +         Rampage  .   g - +0 pair of gloves of the Profound Gnosis {Cun, Self} (curse)
Will     ++...     Clarity  +   (boots unavailable)
Stlth    ++++......             V - amulet of the Bound Morality {Regen+, Fort, Cun} (curse)
HPRegen  1.42/turn              s - ring "Ruined Seeker" {rCorr, Fort, Self} (curse)
MPRegen  0.00/turn              p - ring of the Astral Augur {Wiz, Cun, Self} (curse)

@: calling dragons, flying, very slightly contaminated, lightly drained
A: sickness immunity, fire resistance 2, cold vulnerability 1, float, innate
caster, hp casting, extra vitality 1, frail 1
}: 3/15 runes: barnacled, slimy, gossamer
a: Renounce Religion, Shatter the Chains


You were on level 1 of the Realm of Zot.
You worshipped Ashenzari.
Ashenzari was extremely pleased with you.
You visited 11 branches of the dungeon, and saw 50 of its levels.
You visited 1 bazaar.
You also visited: Ice Cave.

You collected 7690 gold pieces.
You spent 2710 gold pieces at shops.

Inventory:

Hand Weapons
 a - a +3 rapier of electrocution (weapon)
 c - the +7 falchion of Dissatisfaction {antimagic, rElec rF- rC++ Stlth+}
   (You found it on level 3 of the Elven Halls)

   It reduces the magical energy of the wielder, and disrupts the spells and
   magical abilities of those it strikes.
   Natural abilities and divine invocations are not affected.
   rF:        It makes you vulnerable to fire.
   rC:        It greatly protects you from cold.
   rElec:     It insulates you from electricity.
   Stlth:     It makes you more stealthy.
 w - a +6 long sword of holy wrath
 B - the +8 short sword of Kant {spect, rElec rF+ Dex+2 SInv}
   (You found it on level 3 of the Depths)

   When its wielder attacks, the weapon's spirit leaps out and strikes again.
   The spirit shares a part of any damage it takes with its wielder.
   Dex:       It affects your dexterity (+2).
   rF:        It protects you from fire.
   rElec:     It insulates you from electricity.
   SInv:      It lets you see invisible.
Missiles
 j - 1470 stones (quivered)
 n - 3 throwing nets
 N - 9 boomerangs of dispersal
Armour
 d - the +0 chain mail of the Untouchables (worn) {rElec rC++ MP+9}
   (You found it on level 5 of the Pits of Slime)

   rC:        It greatly protects you from cold.
   rElec:     It insulates you from electricity.
   MP:        It affects your magic capacity (+9).
 e - the cursed +1 cloak "Mantic Boredom" (worn) {Melee, Fort}
   (You took it off a white draconian in an ice cave)

   It has a curse which improves the following skills: Melee Combat: Short
   Blades, Long Blades, Axes, Maces & Flails, Polearms, Staves and Unarmed
   Combat.
   Fortitude: Armour and Shields.
 g - the cursed +0 pair of gloves of the Profound Gnosis (worn) {Cun, Self}
   (You found it on level 14 of the Dungeon)

   It has a curse which improves the following skills: Cunning: Dodging and
   Stealth.
   Introspection: Fighting and Spellcasting.
 h - the cursed +2 helmet "Share My Seer" (worn) {Int+3, Self, Melee}
   (You found it on level 1 of the Shoals)

   It has a curse which improves the following skills: Introspection: Fighting
   and Spellcasting.
   Melee Combat: Short Blades, Long Blades, Axes, Maces & Flails, Polearms,
   Staves and Unarmed Combat.
 i - the cursed +0 buckler of the Oracular Moon (worn) {rC+ rF+, Cun, Self}
   (You took it off a tengu warrior on level 1 of the Depths)

   It has a curse which improves the following skills: Cunning: Dodging and
   Stealth.
   Introspection: Fighting and Spellcasting.
 G - +0 ice dragon scales
Magical Staves
 b - a staff of air
Jewellery
 p - the cursed ring of the Astral Augur (right hand) {Wiz, Cun, Self}
   (You found it on level 2 of the Dungeon)

   [ring of wizardry]

   It improves your spell success rate.
   It has a curse which improves the following skills: Cunning: Dodging and
   Stealth.
   Introspection: Fighting and Spellcasting.
 s - the cursed ring "Ruined Seeker" (left hand) {rCorr, Fort, Self}
   (You found it on level 4 of the Dungeon)

   [ring of resist corrosion]

   rCorr:     It protects you from acid and corrosion.
   It has a curse which improves the following skills: Fortitude: Armour and
   Shields.
   Introspection: Fighting and Spellcasting.
 V - the cursed amulet of the Bound Morality (around neck) {Regen+, Fort, Cun}
   (You bought it in a shop on level 2 of the Orcish Mines)

   [amulet of regeneration]

   Regen:     It increases your rate of health regeneration.
   It has a curse which improves the following skills: Fortitude: Armour and
   Shields.
   Cunning:   Dodging and Stealth.
 Z - the ring of Leaves {rF+ Will+ Str+3}
   (You found it in an ice cave)

   [ring of willpower]

   Str:       It affects your strength (+3).
   rF:        It protects you from fire.
   Will:      It increases your willpower.
Wands
 l - a wand of charming (24)
 D - a wand of digging (12)
 J - a wand of paralysis (9)
 Q - a wand of acid (49)
 T - a wand of iceblast (70)
Scrolls
 f - 2 scrolls of holy word
 k - 7 scrolls of blinking
 m - 8 scrolls of magic mapping
 y - 2 scrolls of summoning
 C - 5 scrolls of fear
 F - a scroll of acquirement
 P - 9 scrolls of fog
 U - 20 scrolls of teleportation
Potions
 o - a potion of berserk rage
 q - 13 potions of haste
 r - 3 potions of might
 t - 5 potions of cancellation
 u - 14 potions of ambrosia
 z - 23 potions of curing
 H - 6 potions of brilliance
 I - 9 potions of heal wounds
 K - 4 potions of resistance
 L - 2 potions of invisibility
Miscellaneous
 A - a lightning rod (4/4)
 M - a box of beasts
 X - a phantom mirror


   Skills:
 - Level 20.1(26.1) Fighting
 - Level 8.7(15.2) Short Blades
 - Level 14.3(18.5) Long Blades
 - Level 0.7 Throwing
 * Level 15.4(20.0) Armour
 - Level 11.5(17.4) Dodging
 - Level 11.1(17.0) Stealth
 - Level 11.5(16.3) Shields
 - Level 10.0(13.7) Unarmed Combat
 - Level 20.1(26.1) Spellcasting


You couldn't memorise any spells.
You knew the following spells:

 Your Spells              Type           Power      Damage    Failure   Level
a - Airstrike             Air            48%        N/A       0%          4
b - Ensorcelled Hibernat  Hex/Ice        100%       N/A       0%          2
c - Mephitic Cloud        Conj/Pois/Air  97%        N/A       0%          3
d - Death's Door          Necr           48%        N/A       12%         9
e - Manifold Assault      Tloc           97%        N/A       0%          5
f - Lesser Beckoning      Tloc           48%        N/A       0%          3
g - Gell's Gravitas       Tloc           48%        N/A       0%          3
h - Sandblast             Erth           100%       2d20      0%          1
l - Leda's Liquefaction   Hex/Erth       48%        N/A       0%          4
s - Starburst             Conj/Fire      48%        6d13      1%          6
t - Teleport Other        Tloc           97%        N/A       0%          3
v - Storm Form            Tmut/Air       48%        N/A       1%          7
y - Yara's Violent Unrav  Hex/Tmut       48%        3d19      0%          5
B - Blink                 Tloc           N/A        N/A       0%          2
C - Dragon's Call         Summ           48%        N/A       12%         9
D - Dragon Form           Tmut           48%        N/A       1%          7
M - Maxwell's Capacitive  Air            48%        ∞         1%          8
X - Summon Horrible Thin  Summ           48%        N/A       1%          8
Your spell library was empty.

Dungeon Overview and Level Annotations

Branches:
Dungeon (15/15)            Temple (1/1) D:7            Lair (6/6) D:11
 Shoals (4/4) Lair:2       Spider (4/4) Lair:4        Slime (5/5) Lair:5
    Orc (2/2) D:12            Elf (3/3) Orc:2        Vaults (4/5) D:13
  Crypt (0/3) Vaults:3     Depths (5/5) D:15            Zot (1/5) Depths:5
  IceCv (visited)

Altars:
Ashenzari
Cheibriados
Elyvilon
Fedhas
Gozag
Qazlal
Trog
Uskayaw
Vehumet
Wu Jian
Xom
Zin
The Shining One
Beogh
Jiyva

Shops:
D:6 *   D:7 [   Orc:2 *[=(   Vaults:4 !   Depths:1 *=[[=   Depths:4 *==:
Depths:5 *:

Portals:
Hell: Depths:1 Depths:2 Depths:3 Depths:4 Depths:5
Abyss: Depths:3 Depths:4 Depths:5
Pandemonium: Depths:3
Ziggurat: Depths:1
Trove: Elf:2 (give 11 potions of heal wounds)


Innate Abilities, Weirdness & Mutations

You are immune to sickness and miasma.
You are immune to poison.
Your flesh is very heat resistant. (rF++)
You are vulnerable to cold. (rC-)
You float through the air rather than walking.
You learn spells naturally, not from books.
Your magical power is your life essence.
You have superior vitality. (+4 HP)
You are frail. (-10% HP)


Message History

The bolt of lightning hits you! You resist.
* * * LOW HITPOINT WARNING * * *
The tentacled monstrosity tentacle-slaps your large abomination!
Your large abomination is destroyed!
Your large abomination completely misses the electric golem.
Your quicksilver dragon bites the quicksilver dragon!
Your quicksilver dragon closely misses the quicksilver dragon.
You feel yourself slow down.
The yellow draconian stormcaller calls down the wrath of Qazlal upon you.
Qazlal smites you!
* * * LOW HITPOINT WARNING * * *
Your fire dragon breathes flames at the storm dragon.
The blast of flame hits the storm dragon!!!
Your large abomination hits the tentacled monstrosity!
The tentacled monstrosity tentacle-slaps your large abomination!
The tentacled monstrosity tentacle-slaps your large abomination but does no damage. x2
The tentacled monstrosity grabs your large abomination.
The tentacled monstrosity constricts your large abomination!
Unknown command.
You hear a roar!
Your large abomination hits the tentacled monstrosity!! x2
Something hits your large abomination but does no damage.
Something tail-slaps your large abomination!
The tentacled monstrosity tentacle-slaps your large abomination! x2
The tentacled monstrosity completely misses your large abomination.
The tentacled monstrosity constricts your large abomination.
Your large abomination is destroyed!
Casting: Summon Horrible Things (mildly dangerous; 1% risk of failure)
Confirm with . or Enter, or press ? or * to list all spells.
Okay, then.
Unknown command.
Unknown command.
Okay, then.
Casting: Summon Horrible Things (mildly dangerous; 1% risk of failure)
Confirm with . or Enter, or press ? or * to list all spells.
You miscast Death's Door.
You are very lightly contaminated with residual magic.
You convulse helplessly as pain tears through your body!!
You feel drained.
You die...

*,,,***,,,,,,,,,,,,,,,,* ***,,**
***,,^.....,,,,,,** *****,,,**
*,,.....,,,,,,,,* ,,,,,,,,*
**,....,,,,,,,,,* ,,,,,,,,*
*,...,,,,*,,,,,***
*******,#########...,,,,***,,,,,*
#.########....,,,,* ***,,,,
#.....####.###,,,,* **,,,
#.###..###@#####.,* **,, ##*
##...X..X..........** **,
#.###...X.X)..8D.......,* **
*#......qX##.XD...q###..,* *
*,........#....D.^..D#..,** *
,,*#......##..§....#.#..,,** **
,,##........§.§>....D...,,,*****⌠
,,#.............>.......*,,,**,,,
,,#....∩......(>.......,,,,,,,,,,


You could see an electric golem (ally target), 2 tentacled monstrosities, a
storm dragon (ally target), a quicksilver dragon (ally target), a yellow
draconian stormcaller, a friendly iron dragon (summoned), a friendly fire dragon
(summoned, catching breath), a friendly quicksilver dragon (summoned) and 4
friendly large abominations.

Vanquished Creatures
  the Royal Jelly (Slime:5)
  Saint Roka (Orc:2)
  Arachne (Spider:3)
  Jorgrun (D:15)
  A tentacled monstrosity (Depths:4)
  A lich (Depths:1)
  Asterion (Elf:1)
  3 deep elf master archers (Elf:3)
  A titan (Shoals:4)
  3 deep elf blademasters
  A kraken (Shoals:3)
  2 acid blobs (Slime:5)
  2 sphinxes
  Polyphemus (Shoals:2)
  3 tengu reavers
  Agnes (Spider:4)
  A storm dragon (Depths:4)
  Kirke (Spider:4)
  Donald (Spider:2)
  5 fire giants
  An iron dragon (Depths:4)
  Ilsuiw (Shoals:2)
  3 frost giants
  A draconian knight (IceCv)
  6 deep elf sorcerers
  7 vault wardens
  3 ghost moths
  Aizul (Elf:1)
  Louise (Shoals:1)
  4 emperor scorpions (Spider:4)
  3 orc warlords
  4 deep elf elementalists
  A draconian annihilator (Depths:5)
  14 ironbound preservers
  A war gargoyle (Vaults:3)
  2 quicksilver oozes (Slime:5)
  5 very ugly things
  Azrael (Elf:2)
  4 deep elf demonologists (Elf:3)
  14 stone giants
  4 entropy weavers
  4 vampire knights
  7 deep elf annihilators (Elf:3)
  3 dire elephants
  5 white draconians (IceCv)
  2 spark wasps
  9 merfolk javelineers
  A blizzard demon (Depths:1)
  11 deep elf death magi
  Josephine (D:15)
  6 ettins
  An eidolon (Vaults:3)
  7 merfolk impalers
  7 yaktaur captains
  An ice dragon (Depths:1)
  8 fire dragons
  7 ironbound thunderhulks
  5 deep elf high priests
  Fannar (Lair:1)
  7 boulder beetles
  8 great orbs of eyes
  8 hydras
  9 vault guards
  3 rakshasas
  9 centaur warriors
  10 merfolk aquamancers
  9 ironbound frosthearts
  5 spriggan air magi
  3 merfolk avatars
  6 catoblepae
  5 two-headed ogres
  An alligator snapping turtle (Shoals:3)
  2 deep troll shamans (Depths:2)
  2 satyrs (Shoals:3)
  13 death yaks
  7 death scarabs (Spider:4)
  29 dancing weapons
  9 tengu warriors
  6 orc high priests
  5 deep troll earth magi
  A hell hog (Depths:1)
  3 ironbound beastmasters
  A spriggan (Depths:5)
  2 spriggan berserkers
  A vampire mage (Depths:2)
  2 hell knights
  A soul eater (Depths:1)
  19 deep elf knights
  Nergalle (Lair:1)
  2 spectral emperor scorpions (Spider:4)
  51 deep trolls
  An iron troll (Depths:2)
  6 glowing orange brains
  12 sea snakes
  8 deep elf archers
  3 spectral wolf spiders (Spider:4)
  9 orc knights
  10 wizards
  A flayed ghost (Depths:4)
  A necromancer (Vaults:4)
  9 harpies
  A lindwurm (shapeshifter) (Depths:4)
  2 lindwurms (Vaults:3)
  2 phantasmal warriors (Depths:1)
  10 ironbound convokers
  35 deep elf pyromancers
  A shining eye (Slime:1)
  24 deep elf zephyrmancers
  6 orc sorcerers
  56 ugly things
  23 wolf spiders
  14 orb spiders
  11 fauns
  A sphinx skeleton (Vaults:4)
  19 manticores
  4 oklob plants (Lair:1)
  5 cyclopes
  A faun (shapeshifter) (Depths:2)
  10 merfolk sirens
  2 moths of wrath
  16 elephants
  11 vault sentinels
  A human skeleton (Vaults:4)
  8 torpor snails
  12 water nymphs
  12 black mambas
  14 cane toads
  7 storm dragon simulacra (IceCv)
  An unseen horror (D:7)
  2 gargoyles
  9 rime drakes
  16 demonic crawlers
  16 komodo dragons
  31 yaktaurs
  3 spectral redbacks (Spider:4)
  A redback zombie (Spider:4)
  A komodo dragon (shapeshifter) (Elf:3)
  4 golden dragon simulacra (IceCv)
  5 tengu conjurers
  3 efreet
  43 jumping spiders
  13 polar bears
  4 trolls
  3 large abominations (Elf:1)
  A spectral jumping spider (Spider:4)
  A queen bee (Lair:3)
  13 wind drakes
  26 merfolk
  7 hornets
  Grinder (D:6)
  3 spectral tarantellas (Spider:4)
  22 blink frogs
  A jumping spider zombie (Spider:4)
  36 slime creatures
  7 snapping turtles
  5 dream sheep
  10 air elementals
  A shadow (D:11)
  31 water elementals
  4 wraiths (D:15)
  47 yaks
  A vampire (D:9)
  28 tarantellas
  A centaur simulacrum (D:15)
  3 fire bats (Depths:2)
  87 redbacks
  8 basilisks
  9 fire elementals
  A human (shapeshifter) (D:15)
  8 wyverns
  8 humans (D:13)
  4 hogs (Spider:4)
  A basilisk (shapeshifter) (D:12)
  10 vampire mosquitoes
  10 wargs
  19 hell hounds
  An acid dragon (D:9)
  16 water moccasins
  Duvessa (D:7)
  A swamp drake (D:12)
  38 orc warriors
  14 black bears
  4 hornet zombies
  2 necrophages
  3 spectral hornets (Spider:4)
  3 ice dragon simulacra (IceCv)
  6 ogres
  16 centaurs
  27 wolves
  2 phantoms
  3 kobold brigands
  5 elf zombies (Elf:1)
  11 bullfrogs
  A gnoll sergeant (Orc:2)
  3 scorpions
  6 earth elementals
  Dowan (D:7)
  16 killer bees (Lair:3)
  A human simulacrum (Vaults:4)
  7 lindwurm simulacra (IceCv)
  A howler monkey (D:12)
  An electric eel (Spider:1)
  5 centaur zombies
  5 hounds
  A jelly (D:5)
  A centaur skeleton (D:5)
  26 orc priests
  2 bullfrog skeletons
  2 gnoll shamans
  Jessica (D:2)
  20 hell rats
  12 iguanas
  32 orc wizards
  A killer bee zombie (D:6)
  3 howler monkey zombies
  2 howler monkey skeletons (D:4)
  12 gnolls
  11 adders
  A shadow imp (D:6)
  2 white imps (D:5)
  2 ufetubi
  A worm (D:4)
  A dart slug (D:1)
  111 orcs
  6 endoplasms
  4 giant cockroaches
  7 goblins
  9 hobgoblins
  12 jackals
  24 kobolds
  3 quokkas
  5 ball pythons
  9 bats
  5 frilled lizards
  4 rats
  A plant (Shoals:3)
  A tentacle (Shoals:3)
1910 creatures vanquished.

Vanquished Creatures (collateral kills)
  An ancient lich (Vaults:2)
  2 juggernauts
  A caustic shrike (Depths:3)
  3 golden dragons
  the Enchantress (Depths:4)
  A bone dragon (Depths:5)
  4 tentacled monstrosities
  A titan (Depths:3)
  3 liches
  8 acid blobs
  An ancient champion (Vaults:3)
  A quicksilver dragon (Depths:3)
  A death cob (Zot:1)
  2 shadow dragons (Depths:4)
  3 storm dragons
  2 tengu reavers
  4 azure jellies
  16 rockslimes
  A draconian knight (Depths:5)
  4 frost giants
  4 iron dragons
  A deep elf elementalist (Depths:3)
  A balrug (Depths:2)
  A draconian stormcaller (Zot:1)
  A reaper (Depths:2)
  4 spriggan defenders (Depths:4)
  15 quicksilver oozes
  A draconian annihilator (Depths:5)
  27 very ugly things
  2 war gargoyles (Vaults:3)
  2 vampire knights (Depths:4)
  A green draconian (Depths:5)
  2 deep elf demonologists (Depths:4)
  5 stone giants
  A deep elf annihilator (Depths:5)
  A white draconian (Depths:5)
  2 red draconians (Depths:5)
  4 spark wasps (Depths:4)
  3 ettins
  A crystal guardian (Vaults:2)
  A deep elf high priest (Depths:5)
  A yaktaur captain (Depths:5)
  4 fire dragons
  An ice dragon (Depths:4)
  5 great orbs of eyes
  A boulder beetle (Depths:4)
  A hell beast (Depths:1)
  2 peacekeepers
  2 spriggan air magi
  4 tengu warriors
  A deep troll shaman (Depths:3)
  5 spriggan berserkers
  3 deep troll earth magi
  5 hell knights (Depths:4)
  8 iron trolls
  A glowing orange brain (Slime:5)
  7 deep trolls
  A wizard (Depths:2)
  2 deep elf zephyrmancers (Depths:5)
  2 necromancers (Depths:4)
  2 deep elf pyromancers (Depths:5)
  9 ugly things
  2 shining eyes
  An eye of devastation (Slime:5)
  A vault sentinel (Vaults:2)
  2 tengu conjurers
  3 hornets
  A nameless horror (Depths:3)
  A dream sheep (shapeshifter) (Depths:4)
  31 slime creatures
  4 spriggans
  2 water elementals (Depths:2)
  A wraith (Vaults:3)
  3 killer bees (Lair:3)
259 creatures vanquished.

Vanquished Creatures (others)
  A stone giant (Depths:3)
  A vault guard (D:13)
  A merfolk aquamancer (Shoals:1)
  A deep elf knight (Elf:3)
  A death drake (shapeshifter) (Depths:3)
  A nameless horror (Depths:3)
  A merfolk (Shoals:3)
  A jumping spider (Spider:3)
  96 fungi
  192 plants
  7 tentacles (Shoals:3)
303 creatures vanquished.

Grand Total: 2472 creatures vanquished

Notes
Turn   | Place    | Note
-------+----------+-------------------------------------------
     0 | D:1      | Banquo the Djinni Warper began the quest for the Orb.
     0 | D:1      | Reached XP level 1. HP: 18/18 MP: 0/0
    31 | D:1      | Reached XP level 2. HP: 20/23 MP: 0/0
   774 | D:1      | Reached XP level 3. HP: 27/28 MP: 0/0
   774 | D:1      | Learned a level 1 spell: Sandblast
  1241 | D:2      | Found a faded altar of an unknown god.
  1563 | D:2      | Reached XP level 4. HP: 31/34 MP: 0/0
  1647 | D:2      | Noticed Jessica
  1664 | D:2      | Killed Jessica
  2136 | D:2      | Reached XP level 5. HP: 28/40 MP: 0/0
  2136 | D:2      | Learned a level 2 spell: Ensorcelled Hibernation
  3271 | D:3      | Found a bloodstained altar of Trog.
  3274 | D:3      | Found a stormy altar of Qazlal.
  3396 | D:3      | Found a broken altar of Ashenzari.
  3637 | D:4      | Noticed a black bear
  3761 | D:4      | Reached XP level 6. HP: 26/46 MP: 0/0
  4180 | D:4      | Noticed a necrophage
  4203 | D:3      | Killed a necrophage
  4204 | D:3      | Reached skill level 5 in Long Blades
  4353 | D:4      | Reached XP level 7. HP: 30/50 MP: 0/0
  4353 | D:4      | Learned a level 3 spell: Mephitic Cloud
  4543 | D:3      | Became a worshipper of Ashenzari the Shackled
  5241 | D:4      | Found a hide-covered altar of Uskayaw.
  5309 | D:5      | Entered Level 5 of the Dungeon
  5552 | D:5      | Reached skill level 1 in Short Blades
  5552 | D:5      | Reached XP level 8. HP: 20/58 MP: 0/0
  6102 | D:5      | Reached skill level 5 in Fighting
  6102 | D:5      | Reached skill level 1 in Shields
  8209 | D:6      | Found Fulitaet's General Store.
  8720 | D:6      | Reached XP level 9. HP: 56/66 MP: 0/0
  8720 | D:6      | Learned a level 4 spell: Leda's Liquefaction
  8799 | D:6      | Reached skill level 1 in Stealth
  9091 | D:6      | Noticed Grinder
  9584 | D:7      | Noticed Duvessa
  9584 | D:7      | Noticed Dowan
  9609 | D:7      | Found a staircase to the Ecumenical Temple.
  9647 | Temple   | Entered the Ecumenical Temple
 10115 | D:7      | Identified a scroll of acquirement
 10234 | D:7      | Killed Dowan
 10539 | D:7      | Reached skill level 5 in Spellcasting
 11133 | D:7      | Found Mihojof's Antique Armour Shop.
 11137 | D:7      | Bought a translucent leather armour for 168 gold pieces
 11137 | D:7      | Identified the +1 leather armour "Ibapofin" {Will+ Int+4
                  | Slay+3 Stlth+} (You bought it in a shop on level 7 of the
                  | Dungeon)
 11147 | D:7      | Reached * piety under Ashenzari
 11743 | D:7      | Killed an unseen horror
 12098 | D:7      | Found an ornate altar of the Wu Jian Council.
 12181 | D:7      | Killed Duvessa
 12182 | D:7      | Reached XP level 10. HP: 59/76 MP: 0/0
 12342 | D:7      | Found Mihojof's Antique Armour Shop.
 12490 | D:7      | Found a staircase to the Ecumenical Temple.
 12863 | D:7      | Found an ornate altar of the Wu Jian Council.
 13076 | D:8      | Noticed a five-headed hydra
 15253 | D:9      | Reached skill level 5 in Dodging
 15253 | D:9      | Reached XP level 11. HP: 75/84 MP: 0/0
 15253 | D:9      | Learned a level 4 spell: Airstrike
 15277 | D:9      | Reached skill level 5 in Armour
 15674 | D:9      | Reached ** piety under Ashenzari
 16373 | D:10     | Entered Level 10 of the Dungeon
 16697 | D:10     | Identified the +5 halberd "Lifebane" {vamp, rCorr MP+9
                  | Dex+6}
 17609 | D:10     | Found a glowing golden altar of the Shining One.
 17609 | D:10     | Found a white marble altar of Elyvilon.
 17610 | D:10     | Found a glowing silver altar of Zin.
 17744 | D:10     | Reached skill level 10 in Fighting
 17744 | D:10     | Reached XP level 12. HP: 94/94 MP: 0/0
 18382 | D:11     | Noticed a two-headed ogre
 18388 | D:11     | Killed a two-headed ogre
 19480 | D:11     | Found a staircase to the Lair.
 19834 | Lair:1   | Entered Level 1 of the Lair of Beasts
 20200 | Lair:1   | Reached *** piety under Ashenzari
 20307 | Lair:1   | Noticed Fannar
 20341 | Lair:1   | Killed Fannar
 20342 | Lair:1   | Reached XP level 13. HP: 66/103 MP: 0/0
 20342 | Lair:1   | Learned a level 5 spell: Yara's Violent Unravelling
 20512 | Lair:1   | Noticed a seven-headed hydra
 20706 | Lair:1   | Killed a seven-headed hydra
 20884 | Lair:1   | Identified the +5 trident of the Original Sin {elec, MP+9}
 21189 | Lair:1   | Noticed Nergalle
 21217 | Lair:1   | Killed Nergalle
 24050 | Lair:2   | Reached skill level 10 in Spellcasting
 25490 | Lair:2   | Found a staircase to the Shoals.
 25784 | Lair:2   | Identified the Volume of the Frostbite
 26104 | Lair:3   | Noticed a five-headed hydra
 26110 | Lair:3   | Killed a five-headed hydra
 26226 | Lair:3   | Reached XP level 14. HP: 89/112 MP: 0/0
 29975 | Lair:4   | Found a hole to the Spider Nest.
 30194 | Lair:4   | Identified the +1 robe "Cycw" {rC- MP+9 Stlth+}
 31831 | Lair:5   | Reached XP level 15. HP: 69/122 MP: 0/0
 31831 | Lair:5   | Learned a level 6 spell: Starburst
 32788 | Lair:5   | Found a snail-covered altar of Cheibriados.
 32813 | Lair:5   | Reached **** piety under Ashenzari
 33213 | Lair:5   | Identified the +8 war axe of Death's Door {antimagic, rC-
                  | rN+ Dex+3 Stlth+}
 33251 | Lair:5   | Found a viscous altar of Jiyva.
 33252 | Lair:5   | Found a staircase to the Slime Pits.
 33395 | Lair:6   | Entered Level 6 of the Lair of Beasts
 34378 | Lair:6   | Reached ***** piety under Ashenzari
 36950 | Lair:6   | Reached XP level 16. HP: 121/136 MP: 0/0
 37235 | Lair:6   | Identified the +9 hand crossbow of Padug {elec, rF+ rCorr}
 40657 | D:12     | Found a staircase to the Orcish Mines.
 40888 | D:12     | Found a blossoming altar of Fedhas.
 41698 | Orc:1    | Entered Level 1 of the Orcish Mines
 42053 | Orc:2    | Entered Level 2 of the Orcish Mines
 42337 | Orc:2    | Noticed Saint Roka
 42351 | Orc:2    | Killed Saint Roka
 43268 | Orc:2    | Found a staircase to the Elven Halls.
 44773 | Orc:2    | Reached skill level 15 in Spellcasting
 45637 | Orc:2    | Found Eptucup's General Store.
 45641 | Orc:2    | Found Rucsal's Antique Armour Emporium.
 45642 | Orc:2    | Found Extyshral's Antique Weapon Shoppe.
 45644 | Orc:2    | Found Oluakk's Jewellery Emporium.
 45932 | Orc:2    | Found Rucsal's Antique Armour Emporium.
 45933 | Orc:2    | Found Eptucup's General Store.
 45933 | Orc:2    | Found Extyshral's Antique Weapon Shoppe.
 45934 | Orc:2    | Found Oluakk's Jewellery Emporium.
 46049 | Orc:2    | Found a staircase to the Elven Halls.
 46250 | Orc:2    | Bought a dull robe for 108 gold pieces
 46250 | Orc:2    | Identified the +2 robe "Ceclutz" {Will++ Str+3} (You bought
                  | it in a shop on level 2 of the Orcish Mines)
 46250 | Orc:2    | Bought a glimmering helmet for 180 gold pieces
 46250 | Orc:2    | Identified the +2 helmet "Jinkunnesh" {rF+} (You bought it
                  | in a shop on level 2 of the Orcish Mines)
 46253 | Orc:2    | Bought a shimmering short sword for 272 gold pieces
 46253 | Orc:2    | Identified the +6 short sword "Jumaurr" {vorpal, rElec}
                  | (You bought it in a shop on level 2 of the Orcish Mines)
 46263 | Orc:2    | Bought an amulet of regeneration for 510 gold pieces
 47278 | D:13     | Reached XP level 17. HP: 141/141 MP: 0/0
 47278 | D:13     | Learned a level 7 spell: Dragon Form
 47363 | D:13     | Found a gate to the Vaults.
 48144 | D:14     | Found a glowing silver altar of Zin.
 48211 | D:15     | Entered Level 15 of the Dungeon
 48278 | D:15     | Noticed Josephine
 48289 | D:15     | Killed Josephine
 48328 | D:15     | Found a frozen archway.
 48439 | IceCv    | Entered an ice cave
 48706 | IceCv    | Identified the ring of Leaves {rF+ Will+ Str+3}
 49435 | D:15     | Noticed Jorgrun
 49794 | D:15     | Found a staircase to the Depths.
 50215 | D:15     | Killed Jorgrun
 50608 | D:6      | Killed Grinder
 50733 | D:6      | Found Fulitaet's General Store.
 51640 | Spider:1 | Entered Level 1 of the Spider Nest
 51713 | Spider:1 | Reached XP level 18. HP: 113/147 MP: 0/0
 53978 | Spider:2 | Noticed Donald
 53986 | Spider:2 | Killed Donald
 54444 | Spider:3 | Noticed Arachne
 54644 | Spider:3 | Found the amulet of the Air {Inacc Air Fly rElec RMsl}
 54687 | Spider:3 | Identified the +9 ring mail "Gaxkeet" {Harm Str-4 Int+4}
 54701 | Spider:3 | Killed Arachne
 55142 | Spider:4 | Entered Level 4 of the Spider Nest
 55490 | Spider:4 | Reached XP level 19. HP: 133/157 MP: 0/0
 55490 | Spider:4 | Learned a level 7 spell: Storm Form
 55743 | Spider:3 | Identified the cursed +1 cloak "Mantic Boredom" {Melee,
                  | Fort} (You took it off a white draconian in an ice cave)
 55743 | Spider:3 | Identified the cursed +0 helmet of the Shackled Comet
                  | {Self, Cun} (You found it on level 12 of the Dungeon)
 55743 | Spider:3 | Identified the cursed +0 pair of gloves of the Profound
                  | Gnosis {Cun, Self} (You found it on level 14 of the
                  | Dungeon)
 55743 | Spider:3 | Identified the cursed +0 buckler "All-seeing Stickiness"
                  | {rC+, Self, Melee} (You found it in an ice cave)
 55743 | Spider:3 | Identified the cursed +1 scale mail of the Chained
                  | Discomfort {rC+, Fort, Self} (You found it on level 7 of
                  | the Dungeon)
 55958 | Spider:4 | Noticed Agnes
 56010 | Spider:4 | Reached skill level 15 in Fighting
 56142 | Spider:4 | Noticed Kirke
 56329 | Spider:4 | Killed Kirke
 56421 | Spider:4 | Killed Agnes
 56837 | Spider:4 | Got a gossamer rune of Zot
 57604 | Shoals:1 | Entered Level 1 of the Shoals
 57778 | Shoals:1 | Noticed Louise
 58017 | Shoals:1 | Killed Louise
 58715 | Shoals:2 | Noticed Polyphemus
 58911 | Shoals:2 | Noticed Ilsuiw
 59037 | Shoals:2 | Killed Ilsuiw
 59277 | Shoals:2 | Reached XP level 20. HP: 158/169 MP: 0/0
 60053 | Shoals:2 | Killed Polyphemus
 61059 | Shoals:3 | Reached skill level 5 in Shields
 62387 | Shoals:4 | Entered Level 4 of the Shoals
 62387 | Shoals:4 | Found a shimmering altar of Xom.
 62838 | Shoals:4 | Paralysed by an air elemental for 1 turns
 63388 | Shoals:4 | Paralysed by an air elemental for 1 turns
 63502 | Shoals:4 | Identified the +4 quarterstaff of Grandeur {flame, rF+
                  | Will- Dex+4}
 63661 | Shoals:4 | Identified the ring of Sif Muna's Envy {Fly Will+ Str+3
                  | Int+4}
 63697 | Shoals:4 | Reached skill level 10 in Stealth
 63862 | Shoals:4 | Got a barnacled rune of Zot
 64194 | Elf:1    | Entered Level 1 of the Elven Halls
 64267 | Elf:1    | Reached XP level 21. HP: 167/179 MP: 0/0
 64267 | Elf:1    | Learned a level 8 spell: Maxwell's Capacitive Coupling
 64456 | Elf:1    | Identified the Papyrus of Evil Secrets
 64491 | Elf:1    | Noticed Asterion
 64498 | Elf:1    | Killed Asterion
 64499 | Elf:1    | Reached skill level 1 in Unarmed Combat
 64556 | Elf:1    | Noticed Aizul
 64559 | Elf:1    | Killed Aizul
 64627 | Elf:1    | Identified the cursed +2 helmet "Share My Seer" {Int+3,
                  | Self, Melee} (You found it on level 1 of the Shoals)
 65302 | Elf:2    | Found a portal to a secret trove of treasure.
 65748 | Elf:2    | Paralysed by an air elemental for 1 turns
 66026 | Elf:2    | Found a runed translucent gate.
 66030 | Elf:2    | Found a runed translucent gate.
 66030 | Elf:2    | Found a runed translucent gate.
 66380 | Elf:2    | Reached skill level 5 in Unarmed Combat
 67047 | Elf:2    | Noticed Azrael
 67064 | Elf:2    | Killed Azrael
 67348 | Elf:3    | Entered Level 3 of the Elven Halls
 67638 | Elf:3    | Reached XP level 22. HP: 179/189 MP: 0/0
 68802 | Elf:3    | Identified the +11 eveningstar "Imp's Bane" {vorpal, rF-
                  | rC+ Str+2 Dex+7}
 69180 | Elf:3    | Identified the +4 trident of Greed {pain, rElec rC+ Stlth-}
 69273 | Elf:3    | Identified the +7 falchion of Dissatisfaction {antimagic,
                  | rElec rF- rC++ Stlth+}
 69280 | Elf:3    | Identified the +4 flail of Spores {holy, rCorr Str+3}
 69337 | Elf:3    | Identified the +8 broad axe of Buorphy {antimagic, rF-
                  | rCorr Dex+2}
 70838 | D:11     | Acquired 1211 gold pieces
 70950 | Vaults:1 | Entered Level 1 of the Vaults
 72065 | Vaults:1 | Reached XP level 23. HP: 138/197 MP: 0/0
 72065 | Vaults:1 | Learned a level 8 spell: Summon Horrible Things
 72973 | Vaults:2 | Reached skill level 10 in Shields
 73262 | Vaults:2 | Noticed an ancient lich
 73272 | Vaults:2 | Killed an ancient lich
 75078 | Vaults:3 | Identified the +7 hand axe "Giantslayer" {venom, Will+}
 75107 | Vaults:3 | Reached skill level 10 in Dodging
 75302 | Vaults:3 | Reached XP level 24. HP: 179/204 MP: 0/0
 75415 | Vaults:3 | Identified the -4 pair of boots of Contentment {rCorr Str+2
                  | SInv}
 75874 | Vaults:3 | Found a staircase to the Crypt.
 76532 | Vaults:4 | Found Osucw's Distillery.
 76552 | Vaults:4 | Bought a potion of haste for 130 gold pieces
 76552 | Vaults:4 | Bought a potion of heal wounds for 65 gold pieces
 76552 | Vaults:4 | Bought a potion of heal wounds for 65 gold pieces
 76552 | Vaults:4 | Bought a potion of curing for 39 gold pieces
 76552 | Vaults:4 | Bought a potion of curing for 39 gold pieces
 76552 | Vaults:4 | Bought a potion of heal wounds for 65 gold pieces
 76552 | Vaults:4 | Bought a potion of curing for 39 gold pieces
 76606 | Vaults:4 | Reached skill level 10 in Unarmed Combat
 76753 | Vaults:4 | Identified the +7 shortbow "Opowuol" {vorpal, Int+2}
 77159 | Vaults:4 | Reached skill level 10 in Long Blades
 77787 | Depths:1 | Entered Level 1 of the Depths
 77929 | Depths:1 | Found Yfen's Jewellery Emporium.
 77929 | Depths:1 | Found Avigga's Jewellery Shoppe.
 77939 | Depths:1 | Found Jeck's Antique Armour Emporium.
 77979 | Depths:1 | Found Xuujyd's Antique Armour Shoppe.
 77987 | Depths:1 | Bought a spiked leather armour for 175 gold pieces
 77987 | Depths:1 | Identified the +2 leather armour "Fexiar" {rN+} (You bought
                  | it in a shop on level 1 of the Depths)
 78043 | Depths:1 | Identified the Guide on Unholy Curses
 78380 | Depths:1 | Found a gateway to Hell.
 79054 | Depths:1 | Found a gateway to a ziggurat.
 79187 | Depths:1 | Reached XP level 25. HP: 173/208 MP: 0/0
 79187 | Depths:1 | Learned a level 9 spell: Dragon's Call
 79232 | Depths:1 | Found Juixiubb's Assorted Antiques.
 79455 | Depths:1 | Found a white marble altar of Elyvilon.
 79758 | Depths:1 | Bought a runed kite shield for 315 gold pieces
 81310 | Depths:3 | Identified the +0 dagger of Cataclysm {antimagic, rC+ Int+3
                  | Dex-4}
 81365 | Depths:3 | Found a flickering gateway to a bazaar.
 81375 | Bazaar   | Entered a bazaar
 81375 | Bazaar   | Found Vubuosurr's Distillery.
 81391 | Bazaar   | Bought a potion of mutation for 80 gold pieces
 81391 | Bazaar   | Bought a potion of curing for 30 gold pieces
 81391 | Bazaar   | Bought a potion of might for 40 gold pieces
 81391 | Bazaar   | Bought a potion of curing for 30 gold pieces
 81396 | Bazaar   | Found Pimn's Antique Armour Shop.
 81421 | Bazaar   | Found Omoc's Antique Weapon Shop.
 81429 | Bazaar   | Bought a crystal whip for 150 gold pieces
 81429 | Bazaar   | Identified the +9 whip of a Million Mouths {freeze, rF+
                  | rN+} (You bought it in a shop in a bazaar)
 81468 | Depths:3 | Found a one-way gate leading to the halls of Pandemonium.
 81587 | Depths:3 | Found a one-way gate to the infinite horrors of the Abyss.
 81760 | Depths:3 | Identified the +8 short sword of Kant {spect, rElec rF+
                  | Dex+2 SInv}
 81769 | Depths:3 | Noticed a caustic shrike
 81775 | Depths:3 | Killed a caustic shrike
 81779 | Depths:3 | Identified the +7 whip "Lyadycum" {spect, Int+2}
 81799 | Depths:3 | Upgraded the game from 0.27.0-1-g7a089689b8 to
                  | 0.27.0-65-ge2af304b15
 82095 | Depths:3 | Found a runed translucent door.
 82095 | Depths:3 | Found a runed translucent door.
 82490 | Depths:4 | Found Vidgh's Pet Rocks.
 82689 | Depths:4 | Noticed a juggernaut
 82925 | Depths:4 | Killed a juggernaut
 83086 | Depths:4 | Reached skill level 10 in Armour
 83249 | Depths:4 | Found Isoneph's Book Emporium.
 83250 | Depths:4 | Found Vuofocid's Jewellery Shop.
 83250 | Depths:4 | Found Qofopoh's Jewellery Shop.
 83358 | Depths:4 | Found an opulent altar of Gozag.
 83652 | Depths:4 | Reached XP level 26. HP: 165/218 MP: 0/0
 84114 | Depths:4 | Noticed the Enchantress
 84119 | Depths:4 | Killed the Enchantress
 84674 | Depths:4 | Identified Sif Muna's Collected Works on Icy Air
 84675 | Depths:4 | Identified the +0 leather armour of the Vacuum {Int+6}
 84690 | Depths:4 | Identified the Catalogue of Supportive Contamination
 85811 | Depths:5 | Entered Level 5 of the Depths
 85885 | Depths:4 | Identified the cursed +0 buckler of the Oracular Moon {rC+
                  | rF+, Cun, Self} (You took it off a tengu warrior on level 1
                  | of the Depths)
 85885 | Depths:4 | Identified the cursed +0 ice dragon scales of the Wild Blue
                  | Yonder {rF- rC++, Fort, Self} (You found it on level 1 of
                  | the Depths)
 85907 | Depths:5 | Noticed a juggernaut
 85914 | Depths:5 | Killed a juggernaut
 85981 | Depths:5 | Found Lischu Giez's Assorted Antiques.
 85990 | Depths:5 | Bought a twitching bone ring for 210 gold pieces
 85990 | Depths:5 | Identified the ring "Jisynoc" {Ice rElec Str-5 Int-5
                  | Stlth+} (You bought it in a shop on level 5 of the Depths)
 86208 | Depths:5 | Found Xingesic's Book Emporium.
 86407 | Depths:5 | Found a shimmering altar of Xom.
 86408 | Depths:5 | Found a shimmering altar of Xom.
 86509 | Depths:5 | Found a gate to the Realm of Zot.
 87008 | Slime:1  | Entered Level 1 of the Pits of Slime
 87015 | Slime:1  | Reached skill level 15 in Armour
 87400 | Slime:5  | Entered Level 5 of the Pits of Slime
 87419 | Slime:5  | Noticed the Royal Jelly
 87424 | Slime:5  | Killed the Royal Jelly
 87604 | Slime:5  | Reached XP level 27. HP: 196/228 MP: 0/0
 87604 | Slime:5  | Learned a level 9 spell: Death's Door
 87615 | Slime:5  | Gained mutation: You are frail. (-10% HP) [a shining eye]
 88178 | Slime:5  | Identified the ring "Tusejot" {rF+ AC+4}
 88180 | Slime:5  | Identified the +0 chain mail of the Untouchables {rElec
                  | rC++ MP+9}
 88180 | Slime:5  | Identified the Almanac of Venomous Transformation
 88203 | Slime:5  | Identified the Tome of Twisted Translocation
 88210 | Slime:5  | Identified the +3 leather armour "Tudut" {Drain rPois
                  | Str+6}
 88214 | Slime:5  | Identified the Compendium of the Ashen Snowflakes
 88272 | Slime:5  | Got a slimy rune of Zot
 88719 | Zot:1    | Entered Level 1 of the Realm of Zot
 88739 | Zot:1    | Killed by miscasting Death's Door

Illustrated notes

Levels and vault maps discovered:
D:1:      eino_arrival_druids_welcome, layout_basic, hex_tiny,
          hangedman_abyss_or_decor_stabs
D:2:      layout_loops_corners, ebering_ecumenical_altar_rust,
          nrook_mini_vaults, chequers_serial_rivers_micro_e, grunt_decor_cap,
          uniq_jessica
D:3:      layout_basic, nicolae_overflow_hidden_temple, grunt_ministairs_4
D:4:      layout_basic, marbit_many_paths, minmay_vboxes
D:5:      kb_forest_paths, layout_basic
D:6:      layout_basic, serial_shops, nicolae_stop_n_shop_2,
          minmay_misc_feat_nine_boxes, minivault_22, minmay_between,
          uniq_grinder
D:7:      layout_gridville, nzn_wu_jian_council_hall, minmay_temple_entry_glass,
          serial_shops, nicolae_diamond_shop, uniq_duvessa
D:8:      layout_basic, special_room [special_room_orc]
D:9:      layout_irregular_city
D:10:     layout_layer_cave, good_gods_temple_1, minmay_lizard_king
D:11:     layout_loops_ring, lair_entry_dummy
D:12:     layout_roguey, erik_orc_1, fedhas_altar_2
D:13:     layout_loops_cross, ximxim_vaults_locker_room
D:14:     layout_gridville, zin_scriptorium
D:15:     grunt_enter_depths_snipers, layout_basic, hangedman_decor_peaks_small,
          portal_ice_cave_entry_ugly_swarm, uniq_jorgrun, uniq_josephine
Temple:   minmay_temple_curvy_branch
Lair:1:   beast_lair_carwin_large_2, layout_cave_pods, grunt_megastairs_3,
          minmay_lair_oklob_chamber, uniq_nergalle, uniq_fannar
Lair:2:   layout_loops_ring, elwin_shoals_entry_rocks
Lair:3:   layout_roguey, special_room [special_room_bee], patterned_corridor
Lair:4:   layout_hall_layers, nicolae_spider_entry_tight_spaces, special_room
          [special_room_mythical_zoo]
Lair:5:   layout_gridlike, dpeg_slime_entry_enclosed_altar, lookout_lair_type,
          kennysheep_snail_temple, grunt_megastairs_4
Lair:6:   hangedman_lair_caniforms_friends, layout_layer_cave,
          hangedman_lair_in_review, chequers_serial_rivers_room_a,
          chequers_serial_rivers_micro_c
Shoals:1: layout_shoals, nicolae_shoals_land_atoll,
          nicolae_shoals_aquamancer_cove, uniq_louise
Shoals:2: layout_shoals, uniq_ilsuiw, uniq_polyphemus
Shoals:3: layout_shoals, nicolae_shoals_siren_and_animal_friends
Shoals:4: shoals_end_hellmonk_storm_palace [storm_palace_center_circular,
          storm_palace_corner_narrow, storm_palace_corner_altar,
          storm_palace_corner_narrow, storm_palace_corner_narrow]
Spider:1: layout_spider_delve, nicolae_spider_shape,
          hangedman_spider_tarantella_strand
Spider:2: layout_chambers, uniq_donald
Spider:3: layout_spider_delve, guppyfry_spider_mini_1, uniq_arachne
Spider:4: floodkiller_spider_rune_tomb, uniq_kirke, uniq_agnes
Slime:1:  layout_caves, cheibrodos_slime_lost_civilization_7
Slime:2:  layout_caves, cheibrodos_slime_lost_civilization_5
Slime:3:  layout_caves
Slime:4:  layout_caves
Slime:5
Orc:1:    layout_caves
Orc:2:    st_orc_congregation, layout_caves, uniq_saint_roka
Elf:1:    minmay_elf_arrival_summoners, layout_geoelf_octagon,
          minmay_elf_necromancy, uniq_aizul, uniq_asterion
Elf:2:    nicolae_elf_blades_splatter_lattice [nicolae_blade_little_rooms],
          layout_geoelf_octagon, enter_trove_0, uniq_azrael
Elf:3:    minmay_elf_hall_statues, layout_loops_corners
Vaults:1: hangedman_vaults_pinch, nicolae_vaults_arrows, v_misc_25,
          vaults_room_stairs_pillars, vaults_room_door_ring,
          nicolae_vaults_little_squares_3, layout_vaults_big_room
Vaults:2: hangedman_vaults_hat, nicolae_vaults_yaktaur_gun_rack,
          hangedman_vaults_capsules, nicolae_vaults_circle_grid_b,
          vaults_room_ringed_pool, vaults_dpeg_diagonal,
          ontoclasm_vaults_ligature, ontoclasm_vaults_ring_square,
          nicolae_vaults_little_squares_5, ontoclasm_vaults_tryst,
          ontoclasm_vaults_gateway, v_misc_11, layout_vaults_ring
Vaults:3: grunt_vaults_hallway_long, v_misc_18, nicolae_vaults_asterisk,
          minmay_crypt_entry_simple_statues, ontoclasm_vaults_twist,
          nicolae_vaults_three_branches, ontoclasm_vaults_eye,
          nicolae_vaults_network_barrier, layout_vaults_omnigrid
Vaults:4: hangedman_vaults_snaps, v_misc_17, nicolae_vaults_big_ls,
          nicolae_vaults_inception_statues, v_misc_11, ontoclasm_vaults_idyll,
          v_alt_pattern_2, ontoclasm_vaults_shuriken, vaults_room_pool,
          layout_vaults_omnibox, serial_shops, shop
Depths:1: layout_gridlike, enter_ziggurat_c, serial_shops, shop_statue,
          elyvilon_altar_5, grunt_mini_vestibule, lightli_fourway_metalbox,
          minmay_shoptagon
Depths:2: minmay_distorted_concentric_squares, layout_basic,
          pf_dread_powers_of_hell, hangedman_glass_teeth, serial_bayou_shore_a
Depths:3: minmay_the_grid_triangle_9x9_recursive_2
          [minmay_the_grid_triangle_9x9_prize_schism,
          minmay_the_grid_triangle_9x9_tough_junction,
          minmay_the_grid_triangle_9x9_semitri,
          minmay_the_grid_triangle_9x9_corrupted_corridor], layout_cave_pools,
          serial_shops, bzr_firewalk, pan_entry, abyss_entry_glasseish,
          vehumet_crystals, hell_entry
Depths:4: grunt_twisty_corner, layout_honeycomb,
          nicolae_gozag_cash_rules_everything_around_me, abyss_entry,
          hangedman_coc_ice_floe, guppyfry_shop_earth,
          infiniplex_staircase_zigzag_3, minmay_shop_grove, uniq_enchantress
Depths:5: grunt_zot_entry_bicorn, layout_gridville, xom_redecorated,
          abyss_entry, hell_entry, minmay_shop_star
Zot:1:    lemuel_draconian_sentries_small, layout_cathedral_of_symmetry,
          hangedman_zot_decor_scrapings

Skill      XL: |  1  2  3  4  5  6  7  8  9 10 11 12 13 14 15 16 17 18 19 20 21 22 23 24 25 26 27 |
---------------+----------------------------------------------------------------------------------+-----
Long Blades    | 2 3 4 5 6 8 12 14 | 14.3
Fighting       | 3 4 5 6 8 10 11 12 13 14 17 18 19 20 | 20.1
Spellcasting   | 3 4 5 7 8 10 12 14 15 16 17 18 19 20 | 20.1
Short Blades   | 1 2 3 6 7 8 |  8.7
Shields        | 2 3 4 7 9 11 | 11.5
Stealth        | 2 4 6 7 8 10 11 | 11.1
Armour         | 2 4 5 6 11 15 | 15.4
Dodging        | 5 6 9 10 11 | 11.5
Unarmed Combat | 7 8 10 | 10.0
Throwing       | |  0.7

Action                   |  1- 3 |  4- 6 |  7- 9 | 10-12 | 13-15 | 16-18 | 19-21 | 22-24 | 25-27 || total
-------------------------+-------+-------+-------+-------+-------+-------+-------+-------+-------++-------
Melee: Falchion          |   110 |   182 |   144 |    53 |       |       |       |       |    16 ||   505
       Dagger            |       |       |   207 |   259 |   315 |   159 |     1 |       |       ||   941
       Staff             |       |       |       |       |     9 |     4 |     5 |       |       ||    18
       Rapier            |       |       |       |       |    43 |    16 |    19 |   123 |    35 ||   236
       Short sword       |       |       |       |       |       |    10 |       |       |       ||    10
       Unarmed           |       |       |       |       |       |       |    28 |    40 |    18 ||    86
       Punch             |       |       |       |       |       |       |       |     3 |       ||     3
       Tailslap          |       |       |       |       |       |       |       |       |     4 ||     4
       Bite              |       |       |       |       |       |       |       |       |     1 ||     1
Throw: Dart              |       |       |     5 |     2 |       |       |       |       |       ||     7
 Cast: Sandblast         |       |    15 |    49 |       |       |       |       |       |     4 ||    68
       Mephitic Cloud    |       |       |    30 |    27 |    57 |    42 |    15 |    27 |     6 ||   204
       Teleport Other    |       |       |    14 |    13 |     3 |       |       |     1 |       ||    31
       Ensorcelled Hiber |       |       |       |     2 |    11 |    13 |     4 |    14 |       ||    44
       Airstrike         |       |       |       |   116 |   529 |   703 |   865 |   511 |   540 ||  3264
       Manifold Assault  |       |       |       |     3 |    26 |    10 |     1 |       |     4 ||    44
       Blink             |       |       |       |     1 |     2 |     1 |     4 |     2 |     2 ||    12
       Yara's Violent Un |       |       |       |       |     3 |    18 |    10 |    10 |     3 ||    44
       Gell's Gravitas   |       |       |       |       |     3 |     4 |       |     1 |       ||     8
       Starburst         |       |       |       |       |    55 |   206 |   164 |   222 |    15 ||   662
       Storm Form        |       |       |       |       |       |       |     6 |     3 |     1 ||    10
       Dragon Form       |       |       |       |       |       |       |     1 |       |     1 ||     2
       Lesser Beckoning  |       |       |       |       |       |       |     1 |     1 |       ||     2
       Summon Horrible T |       |       |       |       |       |       |       |    14 |    40 ||    54
       Maxwell's Capacit |       |       |       |       |       |       |       |     4 |     2 ||     6
       Dragon's Call     |       |       |       |       |       |       |       |       |    42 ||    42
Invok: Curse Item        |       |       |     2 |     2 |     5 |     4 |     3 |       |     3 ||    19
       Shatter the Chain |       |       |       |       |     2 |     4 |     2 |     1 |     3 ||    12
 Abil: End Transformatio |       |       |       |       |       |       |     2 |       |       ||     2
       Blinkbolt         |       |       |       |       |       |       |     2 |     6 |       ||     8
       Breathe Fire      |       |       |       |       |       |       |       |       |     1 ||     1
Evoke: Wand              |       |       |       |       |       |       |       |       |     5 ||     5
  Use: Potion            |       |       |       |     1 |       |       |       |       |     4 ||     5
       Scroll            |       |       |       |       |     1 |     1 |     1 |     3 |     6 ||    12
 Stab: Distracted        |       |       |     2 |       |     1 |       |       |     1 |       ||     4
       Confused          |       |       |     8 |    22 |    44 |    16 |     1 |    16 |       ||   107
       Sleeping          |       |       |       |     3 |     7 |    10 |    12 |    38 |    11 ||    81
Armor: Leather armour    |    27 |    34 |    88 |    23 |       |       |       |       |       ||   172
       Scale mail        |       |       |       |       |    32 |    83 |    62 |       |       ||   177
       Skin              |       |       |       |       |       |       |    11 |     4 |     6 ||    21
       Robe              |       |       |       |       |       |       |     2 |    21 |     2 ||    25
       Ice dragon scales |       |       |       |       |       |       |       |       |    29 ||    29
       Chain mail        |       |       |       |       |       |       |       |       |     8 ||     8
Dodge: Dodged            |   100 |   172 |   295 |   146 |   124 |   178 |   228 |   235 |    86 ||  1564
Block: Buckler           |       |       |    11 |    48 |   104 |    95 |    66 |    56 |    35 ||   415
       Reflection        |       |       |       |       |     1 |    10 |       |       |       ||    11
       Rpst.: Falchion   |    32 |    42 |    20 |     6 |       |       |       |       |       ||   100
